 Dungeon Crawl Stone Soup version 0.22-b1-59-g0aedee7 (webtiles) character file.

1028 lukekx100 the Covered (level 8, -4/68 HPs)
             Began as a Hill Orc Fighter on Aug 9, 2018.
             Killed from afar by a steam dragon (11 damage)
             ... with a ball of steam
             ... on level 6 of the Dungeon.
             The game lasted 00:33:26 (4850 turns).

lukekx100 the Covered (Hill Orc Fighter)            Turns: 4850, Time: 00:33:26

Health: -4/68      AC: 14    Str: 21    XL:     8   Next: 23%
Magic:  8/8        EV:  4    Int:  8    God:
Gold:   325        SH:  9    Dex: 10    Spells: 7/7 levels left

rFire    . . .     SeeInvis .   p - +1 dagger (venom)
rCold    . . .     Gourm    .   c - +0 shield
rNeg     . . .     Faith    .   B - +0 plate armour
rPois    .         Spirit   .   A - +0 helmet
rElec    .         Reflect  .   (no cloak)
rCorr    .         Harm     .   (no gloves)
MR       .....                  (no boots)
Stlth    ..........             s - amulet of magic regeneration
HPRegen  0.21/turn              (no ring)
MPRegen  0.36/turn              (no ring)

@: no status effects
A: no striking features
a: no special abilities


You were on level 6 of the Dungeon.
You were not hungry.

You visited 1 branch of the dungeon, and saw 6 of its levels.

You collected 325 gold pieces.

Inventory:

Hand Weapons
 a - a +0 flail
 h - a +0 hunting sling
 j - a cursed -2 dagger
 k - a +0 falchion
 m - a +0 mace
 n - a cursed +0 mace
 p - a +1 dagger of venom (weapon)
 r - a +0 club
 y - a +0 dagger
 z - a +0 hand axe
 C - a +0 flail
 D - a +0 flail
 F - a +0 hand axe
 G - a +0 morningstar
 I - a +0 mace
 N - a +0 trident of venom
 P - a +0 short sword
 R - the +3 trident "Ycietic" {freeze, rN+, unknown}
   (You found it on level 5 of the Dungeon)

   It has been specially enchanted to freeze those struck by it, causing extra
   injury to most foes and up to half again as much damage against particularly
   susceptible opponents.
   It can also slow down cold-blooded creatures.
   It protects you from negative energy.
 T - a +0 giant club
 U - a +0 morningstar
 X - a +0 rapier
Missiles
 g - 11 bolts
Armour
 c - a +0 shield (worn)
 e - a +0 helmet
 o - a +0 robe
 v - a +0 scale mail
 w - a +0 ring mail
 x - a +0 robe
 A - a +0 helmet (worn)
 B - a +0 plate armour (worn)
 E - a +0 leather armour
 H - a +0 chain mail
Jewellery
 s - an amulet of magic regeneration (around neck)
Wands
 K - a wand of paralysis (7)
Scrolls
 b - a scroll of remove curse
 l - a scroll of fog
 q - 6 scrolls of teleportation
 t - 2 scrolls of immolation
 J - 3 scrolls of identify
 O - a scroll of fear {unknown}
 Q - a scroll of enchant weapon {unknown}
 W - a scroll of enchant armour {unknown}
Potions
 d - 3 potions of might
 i - 2 potions of lignification {unknown}
 u - a potion of resistance {unknown}
 L - 2 potions of curing
 M - 3 potions of agility {unknown}
 S - a potion of magic {unknown}
Comestibles
 f - 6 rations
 V - a chunk of flesh


   Skills:
 + Level 5.0 Fighting
 * Level 5.1 Short Blades
 - Level 0.7(3.0) Axes
 - Level 3.9 Maces & Flails
 + Level 6.1 Armour
 + Level 0.9 Dodging
 * Level 3.0 Stealth
 - Level 3.6 Shields


You had 7 spell levels left.
You didn't know any spells.
Your spell library contained the following spells:

 Spells                   Type           Power        Failure   Level  Hunger
 Throw Frost              Conj/Ice       #.....       100%        2    ###....
 Animate Dead             Necr           N/A          100%        4    #####..
 Pain                     Necr           #...         100%        1    ##.....
 Animate Skeleton         Necr           N/A          100%        1    ##.....
 Vampiric Draining        Necr           #.........   100%        3    ####...
 Freeze                   Ice            #...         100%        1    ##.....
 Summon Ice Beast         Ice/Summ       #.......     100%        4    #####..
 Ozocubu's Armour         Chrm/Ice       #.......     100%        3    ####...
 Regeneration             Chrm/Necr      #.........   100%        3    ####...
 Throw Icicle             Conj/Ice       #.......     100%        4    #####..


Dungeon Overview and Level Annotations

Branches:
Dungeon (6/15)
 Temple: D:4-7

Altars:


Message History

You see here a club.
You see here a bullfrog corpse.
Eat a chunk of flesh? (ye/n/q)
You eat one of the 7 rations.
That ration really hit the spot!
Unknown command.
You see here a club.
Unknown command.
A steam dragon comes into view.
The steam dragon hisses angrily.
The steam dragon breathes steam at you. The ball of steam hits you!
* * * LOW HITPOINT WARNING * * *
The steam dragon moves out of view.
You hear an angry hiss. x2
You see here a club.
You see here a club.
A steam dragon comes into view.
The steam dragon breathes steam at you. The ball of steam hits you!
You die...

.. #...#.#.####.......
.#####...#.#............
######.#.......#.#.##.#..#....
#......##..................#..
#..............#)#.##......(.>
#.....###....###.#.........##.
#.....###.....................
#...........†)#######..#...##.
#.....#######@## ##.....#.(
#####.# #.....§# #..#.##..
#|..#.###..D..⌠D≈#........
#..... ##.#....≈##.......
......# ###..D. #.......
#.....# ###. #....... ......#
#....... #....... #......#


You could see 2 steam dragons.

Vanquished Creatures
  An ogre (D:5)
  A bullfrog (D:6)
  A water moccasin skeleton (D:6)
  3 scorpions
  A crimson imp (D:6)
  An orc priest (D:3)
  A jelly (D:6)
  3 hounds
  4 orc wizards (D:4)
  Jessica (D:2)
  Ijyb (D:4)
  An iguana (D:4)
  4 worker ants
  8 adders
  A shadow imp (D:6)
  3 dart slugs
  4 leopard geckos
  18 orcs
  8 bats
  7 giant cockroaches
  13 goblins
  13 hobgoblins
  4 jackals
  3 ball pythons
  2 frilled lizards
  6 kobolds
  A leopard gecko skeleton (D:4)
  A quokka zombie (D:5)
  8 rats
123 creatures vanquished.

Notes
Turn   | Place    | Note
-------+----------+-------------------------------------------
     0 | D:1      | lukekx100 the Hill Orc Fighter began the quest for the Orb.
     0 | D:1      | Reached XP level 1. HP: 19/19 MP: 1/1
   147 | D:1      | Reached XP level 2. HP: 25/27 MP: 2/2
   561 | D:1      | Reached XP level 3. HP: 21/33 MP: 3/3
   805 | D:2      | Noticed Jessica
  1040 | D:2      | Killed Jessica
  1040 | D:2      | Reached XP level 4. HP: 31/40 MP: 4/4
  1067 | D:2      | Reached skill level 4 in Armour
  1213 | D:2      | Reached skill level 1 in Stealth
  1602 | D:2      | HP: 2/40 [poisoned by a kobold]
  2005 | D:2      | Reached XP level 5. HP: 42/46 MP: 5/5
  2799 | D:4      | Reached skill level 1 in Short Blades
  2819 | D:4      | Reached XP level 6. HP: 52/52 MP: 6/6
  3066 | D:4      | Noticed Ijyb
  3083 | D:4      | Paralysed by Ijyb for 2 turns
  3087 | D:4      | Killed Ijyb
  3087 | D:4      | Reached skill level 5 in Armour
  3090 | D:4      | Reached XP level 7. HP: 35/60 MP: 7/7
  3446 | D:4      | Found a sand-covered staircase.
  3728 | D:5      | Entered Level 5 of the Dungeon
  4267 | D:5      | Got a bloodstained trident
  4697 | D:6      | Reached skill level 6 in Armour
  4697 | D:6      | Reached XP level 8. HP: 41/67 MP: 8/8
  4788 | D:6      | Reached skill level 5 in Fighting
  4796 | D:6      | Reached skill level 5 in Short Blades
  4850 | D:6      | Killed from afar by a steam dragon

Skill      XL: |  1  2  3  4  5  6  7  8 |
---------------+-------------------------+-----
Fighting       | 4 5 |  5.0
Maces & Flails | 3 |  3.9
Armour         | 4 5 6 |  6.1
Stealth        | 1 2 3 |  3.0
Short Blades   | 1 2 4 5 |  5.1
Axes           | |  0.7
Dodging        | |  0.9
Shields        | |  3.6

Action                   |  1- 3 |  4- 6 |  7- 9 || total
-------------------------+-------+-------+-------++-------
Melee: Flail             |    75 |    71 |       ||   146
       Dagger            |       |   188 |   209 ||   397
  Use: Scroll            |     7 |     1 |       ||     8
       Potion            |     1 |     2 |       ||     3
  Eat: Ration            |       |     2 |     1 ||     3
       Chunk             |       |     1 |     5 ||     6
Armor: Scale mail        |    75 |    42 |       ||   117
       Plate armour      |       |   179 |   122 ||   301
Dodge: Dodged            |    45 |    79 |    32 ||   156
Block: Shield            |    68 |   178 |    90 ||   336
